AoeStats
← Pyc_Hawk

Pilgrims

510120138Analyzed
4v4 RM · 4d ago on Sep 29, 2026· 53m 43s· 8 players
Game mode
Random Map
Map size
Large (8 player)
Population
200
Speed
Normal
Resources
Standard
Victory
Conquest
Starting age
Dark Age
Ending age
Imperial Age
RankedLock teamsTeams togetherTeam positionsShared explorationLock speedFull tech treeHidden civsTurbo modeCheats
Victory
Defeat
🇨🇳 Gurjaras · China
1559
+12
🇹🇷 Hindustanis · Türkiye
1541
+13
🇺🇸 Saxons · United States
1389
+19
🇹🇼 Berbers · Taiwan
1361
+20
🇷🇺 Saracens · Russia
1481
-17
🇵🇪 Malay · Peru
1470
-16
🇧🇪 Wu · Belgium
1462
-16
🇦🇷 Magyars · Argentina
1427
-15
KLIKELIN
3:24 Loom
11:43 Feudal Age
15:08 Castle Age
13:29 Double-Bit Axe
33:43 Imperial Age
34:25 Conscription
35:04 Forging
35:24 Pikeman
39:27 Gold Mining
39:28 Stone Mining
40:29 Horse Collar
41:47 Thumb Ring
41:04 Crossbowman
42:21 Fletching
42:32 Padded Archer Armor
45:01 Arbalester
45:42 Bodkin Arrow
46:02 Leather Archer Armor
47:54 Heavy Plow
50:01 Bow Saw
Hympériius
10:56 Feudal Age
11:46 Double-Bit Axe
11:52 Loom
11:58 Loom
19:11 Castle Age
22:06 Medium Warships
22:51 Forging
23:07 Clinker Construction
23:03 Siphons
31:14 Wheelbarrow
31:02 Bow Saw
32:46 Scale Mail Armor
33:09 Squires
32:55 Arson
34:06 Fishing Lines
34:54 Gillnets
36:17 Chain Mail Armor
37:16 Horse Collar
38:26 Iron Casting
38:42 Town Watch
39:39 Fletching
39:49 Padded Archer Armor
40:36 Hand Cart
40:19 Bodkin Arrow
40:06 Elite Skirmisher
41:24 Town Patrol
42:10 Ballistics
42:21 Crossbowman
43:19 Leather Archer Armor
49:18 Imperial Age
52:58 Imperial Age
felixaleman1010
5:25 Loom
11:32 Feudal Age
12:01 Fishing Lines
12:18 Double-Bit Axe
13:58 Scale Barding Armor
14:38 Fishing Lines
19:12 Bloodlines
24:36 Castle Age
23:04 Stone Mining
23:41 Horse Collar
25:18 Husbandry
26:01 Chain Barding Armor
33:01 Gold Mining
34:42 Wheelbarrow
36:48 Imperial Age
36:14 Ballistics
35:50 Murder Holes
35:36 Treadmill Crane
36:08 Masonry
36:38 Corvinian Army
37:01 Thumb Ring
36:51 Fletching
37:02 Padded Archer Armor
37:03 Scale Mail Armor
39:23 Hand Cart
38:55 Town Watch
40:22 Conscription
42:59 Plate Barding Armor
43:01 Elite Magyar Huszar
xxArMoRxx
3:53 Loom
11:00 Feudal Age
15:07 Castle Age
12:49 Horse Collar
12:59 Double-Bit Axe
13:12 Fishing Lines
17:00 Medium Warships
16:50 Gillnets
18:04 Wheelbarrow
17:46 Bow Saw
20:17 Fletching
21:14 Town Watch
21:31 Heavy Plow
23:08 Hand Cart
23:02 Scale Barding Armor
24:01 Stone Mining
24:02 Gold Mining
28:32 Bloodlines
28:22 Husbandry
32:46 Imperial Age
31:01 Chain Barding Armor
30:52 Forging
33:10 Iron Casting
33:58 Conscription
34:25 Hoardings
34:33 Plate Barding Armor
35:29 Gold Shaft Mining
35:55 Elite Mameluke
37:56 Light Cavalry
40:04 Blast Furnace
39:00 Bodkin Arrow
38:51 Hussar
40:23 Town Patrol
41:21 Bracer
45:16 Pikeman
45:57 Squires
45:59 Heavy Camel Rider
51:51 Two-Man Saw
Pyc_Hawk
6:17 Loom
10:19 Feudal Age
14:22 Castle Age
13:17 Stone Mining
13:32 Double-Bit Axe
17:22 Fletching
21:06 Town Watch
21:13 Horse Collar
26:36 Scale Mail Armor
27:29 Forging
29:03 Wheelbarrow
30:48 Bodkin Arrow
38:06 Imperial Age
37:07 Masonry
kururu965
11:17 Feudal Age
9:34 Loom
13:25 Horse Collar
13:38 Double-Bit Axe
17:40 Castle Age
18:29 Heavy Plow
19:02 Bloodlines
19:57 Thumb Ring
20:55 Fletching
21:06 Padded Archer Armor
27:26 Ballistics
27:08 Bodkin Arrow
28:11 Husbandry
29:33 Wheelbarrow
29:28 Scale Mail Armor
29:40 Forging
32:04 Town Watch
33:04 Scale Barding Armor
33:16 Leather Archer Armor
33:07 Kasbah
36:18 Gold Mining
36:24 Stone Mining
38:36 Gold Shaft Mining
40:33 Imperial Age
39:03 Hand Cart
39:37 Chain Barding Armor
40:44 Elite Camel Archer
41:12 Heavy Camel Rider
42:01 Bracer
42:44 Ring Archer Armor
43:04 Plate Barding Armor
43:05 Iron Casting
43:29 Conscription
44:29 Maghrebi Camels
45:10 Stone Shaft Mining
45:10 Light Cavalry
46:28 Crop Rotation
47:11 Blast Furnace
46:27 Bow Saw
46:20 Scale Mail Armor
47:28 Chemistry
47:08 Hoardings
47:02 Hussar
CBRM
2:50 Loom
10:38 Feudal Age
15:19 Castle Age
13:29 Double-Bit Axe
14:30 Gold Mining
16:07 Wheelbarrow
16:41 Medium Warships
18:23 Bow Saw
20:26 Careening
21:53 Fletching
22:58 Bodkin Arrow
23:41 Clinker Construction
23:30 Demolition Ship
24:42 Ballistics
26:17 Gold Shaft Mining
27:00 Grand Trunk Road
27:38 Horse Collar
31:49 Imperial Age
29:35 Scale Mail Armor
30:22 Forging
31:29 Squires
33:07 Conscription
33:56 Chemistry
32:57 Padded Archer Armor
33:37 Chain Mail Armor
33:27 Shatagni
33:40 Thumb Ring
34:04 Stone Mining
34:16 Heavy Plow
34:56 Leather Archer Armor
36:42 Ring Archer Armor
40:31 Chain Mail Armor
43:04 Scale Barding Armor
43:27 Husbandry
43:38 Bloodlines
42:49 Light Cavalry
44:58 Coinage
45:21 Chain Barding Armor
46:50 Plate Barding Armor
47:16 Chain Mail Armor
48:30 Two-Man Saw
47:35 Elite Ghulam
48:19 Town Watch
49:50 Iron Casting
50:02 Banking
50:56 Hoardings
50:46 Hand Cart
50:31 Murder Holes
50:27 Arson
53:57 Blast Furnace
忧郁帅哥
11:11 Feudal Age
12:30 Loom
12:58 Loom
15:45 Castle Age
14:10 Double-Bit Axe
16:50 Bow Saw
18:08 Medium Warships
19:26 Town Watch
26:46 Wheelbarrow
29:27 Hand Cart
30:14 Scale Barding Armor
30:21 Forging
30:30 Horse Collar
35:06 Iron Casting
39:31 Imperial Age
38:23 Fletching
41:40 Imperial Age
41:49 Imperial Age
40:41 Bloodlines
40:31 Husbandry
40:52 Chain Barding Armor
43:08 Plate Barding Armor
42:14 Heavy Camel Rider
46:34 Padded Archer Armor
47:29 Bodkin Arrow
47:50 Leather Archer Armor
47:37 Heavy Plow
47:29 Gold Mining
47:29 Stone Mining
48:39 Conscription
48:26 Kshatriyas
49:46 Bracer
50:10 Frontier Guards
49:22 Sappers
52:09 Hoardings
53:02 Light Cavalry
Connection lost

Rejoining the realm…

Still unreachable

The connection could not be restored.

Session expired

The server has moved on; the page needs a fresh start.